 Dungeon Crawl Stone Soup version 0.19-a0-1851-g3228ea0 (webtiles) character file.

31 tyvek the Insei (level 3, 28/28 HPs)
             Began as a Draconian Transmuter on Oct 10, 2016.
             Quit the game on level 1 of the Dungeon.
             The game lasted 00:02:50 (1139 turns).

tyvek the Insei (Draconian Transmuter)              Turns: 1139, Time: 00:02:51

Health: 28/28      AC:  5    Str: 12    XL:     3   Next: 7%
Magic:  6/6        EV: 12    Int: 13    God:
Gold:   4          SH:  0    Dex: 12    Spells: 2 memorised, 3 levels left

rFire  . . .     SeeInvis .       - Unarmed
rCold  . . .     Gourm    .     (armour unavailable)
rNeg   . . .     Faith    .     (no shield)
rPois  .         Spirit   .     (helmet restricted)
rElec  .         Dismiss  .     (no cloak)
rCorr  .         Reflect  .     (no gloves)
MR     .....     Harm     .     (no boots)
Stlth  +.........               (no amulet)
                                (no ring)
                                (no ring)

@: no status effects
A: unfitting armour, cold-blooded, AC +5
a: no special abilities


You were on level 1 of the Dungeon.
You were not hungry.

You visited 1 branch of the dungeon, and saw 1 of its levels.

You collected 4 gold pieces.


Innate Abilities, Weirdness & Mutations

Your plain brown scales are hard. (AC +5)
You cannot fit into any form of body armour.
You are cold-blooded and may be slowed by cold attacks.


   Skills:
 - Level 1.1 Fighting
 - Level 1.7 Dodging
 * Level 4.0 Unarmed Combat
 - Level 2.0 Spellcasting
 + Level 2.3 Transmutations


You had 3 spell levels left.
You knew the following spells:

 Your Spells              Type           Power        Failure   Level  Hunger
a - Beastly Appendage     Tmut           #.....       12%         1    ##.....
s - Sticks to Snakes      Tmut           #.......     17%         2    ###....

Inventory:

Missiles
 a - 47 arrows
Scrolls
 e - 3 scrolls of identify {unknown}
 f - a scroll of magic mapping {unknown}
 j - a scroll of enchant armour {unknown}
 k - a scroll of teleportation {unknown}
 m - a scroll of recharging {unknown}
Potions
 d - a potion of heal wounds {unknown}
Books
 b - a book of Changes

   Spells                             Type                      Level
   a - Beastly Appendage              Transmutation                1
   b - Sticks to Snakes               Transmutation                2
   c - Spider Form                    Transmutation/Poison         3
   d - Ice Form                       Ice/Transmutation            4
   e - Blade Hands                    Transmutation                5
Comestibles
 c - 4 bread rations {@e1}
 g - a meat ration {@e2}
 h - 5 fruits
 i - 2 chunks of flesh {@w0}
 l - a beef jerky

Dungeon Overview and Level Annotations

Branches:
Dungeon (1/15)

Altars:

#.##.##.........#
#.##.###.########
#.##.###.### #
#.##(.#....#
###.###.#..#.# ....#
#.#..#.########
#######....#.(......#
......##...#........#
........††.#....@...#
...........#........#
..........>.........#
...........#........#
...........#........#
..........##........#
..........##........#
#####################


There were no monsters in sight!


Message History

Unknown command. (m)acro, (M)acro raw, keymap [(k) default, (x) level-map, (t)argeting, (c)onfirm, m(e)nu], (s)ave?
Input menu keymap trigger key: 1 Input menu keymap action: 1 Created menu keymap '1' => '1'.
Sorry, you're not good enough to have a special ability.
Sorry, you're not good enough to have a special ability.
Sorry, you're not good enough to have a special ability. (m)acro, (M)acro raw, keymap [(k) default, (x) level-map, (t)argeting, (c)onfirm, m(e)nu], (s)ave?
Aborting.
Unknown command.
You become a slave!
Welcome back, tyvek the Draconian Transmuter.
Press ? for a list of commands and other information.
Enabling tile changes by turn and XL.
You start waiting.
Some of the chunks of flesh in your inventory have rotted away.
Eating one of 3 chunks of flesh {@w0}.
You start eating one of the 3 chunks of flesh {@w0}.
You are feeling hungry.
You finish eating.
This raw flesh tastes terrible.
Unknown command.
You start waiting.
Done waiting.
You become a spatial maelstrom!
Saving game... please wait.
You become a spatial maelstrom!
Welcome back, tyvek the Draconian Transmuter.
Press ? for a list of commands and other information.
Are you sure you want to abandon this character and quit the game? (Confirm with "yes".)

Skill      XL: |  1  2 |
---------------+-------+-----
Unarmed Combat | 4 |  4.0
Fighting       | |  1.1
Dodging        | |  1.7
Spellcasting   | |  2.0
Transmutations | |  2.3

Action                   || total
-------------------------++-------
Melee: Unarmed           ||    75
       Headbutt          ||     1
       Tailslap          ||     4
       Punch             ||     1
 Cast: Beastly Appendage ||     2
  Eat: Chunk             ||     1
Armor: Skin              ||    23
Dodge: Dodged            ||    56

Vault maps used:
D:1:      dpeg_arrival_shrine

Notes
Turn   | Place    | Note
-------+----------+-------------------------------------------
     0 | D:1      | tyvek the Draconian Transmuter began the quest for the Orb.
     0 | D:1      | Reached XP level 1. HP: 16/16 MP: 3/3
   247 | D:1      | Reached XP level 2. HP: 17/23 MP: 5/5
   276 | D:1      | Learned a level 2 spell: Sticks to Snakes
   932 | D:1      | Reached skill level 4 in Unarmed Combat
   951 | D:1      | Reached XP level 3. HP: 28/28 MP: 6/6
  1139 | D:1      | Quit the game

Vanquished Creatures
  An ooze (D:1)
  3 bats (D:1)
  A goblin (D:1)
  6 hobgoblins (D:1)
  6 jackals (D:1)
  3 kobolds (D:1)
  3 rats (D:1)
23 creatures vanquished.
